 Dungeon Crawl Stone Soup version 0.24.0-123-gd5b16e6ec5 (webtiles) character file.

Game seed: 10324813844656598019, levelgen mode: deterministic

779 H0rd4k the Charlatan (level 8, -1/57 HPs)
             Began as a Human Artificer on Feb 12, 2020.
             Shot with an arrow by a centaur (9 damage)
             ... on level 5 of the Dungeon.
             The game lasted 00:08:20 (6055 turns).

H0rd4k the Charlatan (Human Artificer)              Turns: 6055, Time: 00:08:20

Health: -1/57      AC:  4    Str: 15      XL:     8   Next: 10%
Magic:  11/11      EV: 12    Int: 12      God:
Gold:   297        SH:  0    Dex: 10 (13) Spells: 7/7 levels left

rFire    . . .     SeeInvis .   u - +2 war axe (drain)
rCold    . . .     Gourm    .   (no shield)
rNeg     . . .     Faith    .   b - +0 leather armour
rPois    .         Spirit   .   (no helmet)
rElec    .         Reflect  .   (no cloak)
rCorr    .         Harm     .   t - +0 pair of gloves
MR       .....                  (no boots)
Stlth    ++........             (no amulet)
HPRegen  0.19/turn              (no ring)
MPRegen  0.12/turn              (no ring)

@: no status effects
A: no striking features
a: no special abilities


You were on level 5 of the Dungeon.
You were not hungry.

You visited 1 branch of the dungeon, and saw 6 of its levels.

You collected 297 gold pieces.

Inventory:

Hand Weapons
 a - a +0 short sword
 q - a +0 long sword
 u - a +2 war axe of draining (weapon)
 x - a +2 vampiric trident
Missiles
 j - 21 poisoned darts (quivered)
 l - 5 boomerangs
Armour
 b - a +0 leather armour (worn)
 t - a +0 pair of gloves (worn)
Jewellery
 g - an uncursed ring of protection from fire {unknown}
 y - an uncursed ring of resist corrosion {unknown}
Wands
 c - a wand of flame (12)
 d - a wand of enslavement (8)
 e - a wand of random effects (15)
 n - a wand of paralysis (7)
 C - a wand of iceblast (9)
Scrolls
 h - 8 scrolls of identify {unknown}
 i - 3 scrolls of teleportation {unknown}
 r - 2 scrolls of amnesia {unknown}
 s - a scroll of random uselessness {unknown}
 v - a scroll of noise {unknown}
 w - 3 scrolls of blinking {unknown}
 z - a scroll of magic mapping {unknown}
 A - a scroll of enchant weapon {unknown}
Potions
 m - a potion of lignification {unknown}
 o - a potion of ambrosia {unknown}
 p - 2 potions of cancellation {unknown}
 B - a potion of might {unknown}
Comestibles
 f - 9 rations


   Skills:
 + Level 2.8 Fighting
 + Level 3.2 Short Blades
 + Level 0.3(2.0) Long Blades
 + Level 3.4 Axes
 + Level 1.4 Throwing
 + Level 3.2 Armour
 + Level 3.5 Dodging
 + Level 2.2 Stealth
 + Level 4.1 Evocations


You had 7 spell levels left.
You didn't know any spells.
Your spell library was empty.

Dungeon Overview and Level Annotations

Branches:
Dungeon (6/15)
 Temple: D:4-7

Altars:
Gozag
Uskayaw
Xom
Zin

Annotations:
D:1 exclusion: downstairs
D:4 exclusion: downstairs, Blork the orc


Message History

* * * LOW HITPOINT WARNING * * *
Something shocks you.
* * * LOW HITPOINT WARNING * * *
Things that are here:
a +0 flail; a gnoll corpse A sky beast appears from thin air!
Reactivating autopickup.
The sky beast flickers out of sight!
Deactivating autopickup; reactivate with Ctrl-A.
You feel better. Something hits you but does no damage.
A sky beast appears from thin air!
Reactivating autopickup.
An ice beast comes into view.
The centaur shouts!
You hear a shout!
The centaur shoots an arrow.
The arrow hits you.
* * * LOW HITPOINT WARNING * * *
You see here an arrow.
The centaur shoots an arrow.
The arrow completely misses you.
The centaur shoots an arrow.
The arrow hits you!
You die...

.......##.###..............#
............#...............
..(..............>.c.......
#.................Y.......
#.[.#.....................
#..)#..#.....#............
##.....##.....#.....#......
.#.!...........#..Y.##.....
................@##.## ...
..........##..#..#...#. ..
............<###..##......
....#..##...####..........
....#####...#.#..#.###.W...
.... #..........# ..... ...
......##......# ....
...##.###......####.... ..
...................


You could see an ice beast, a sky beast and a centaur.

Vanquished Creatures
  Sigmund (D:3)
  A scorpion (D:6)
  3 crimson imps
  A jelly (D:5)
  A quasit (D:6)
  A hound (D:4)
  An orc wizard (D:3)
  An orc priest (D:4)
  3 worker ants (D:4)
  5 gnolls
  5 adders
  2 oozes
  4 worms
  6 dart slugs
  3 leopard geckos
  12 orcs
  3 ball pythons
  8 giant cockroaches
  5 hobgoblins
  10 jackals
  4 quokkas
  8 bats
  4 frilled lizards
  7 goblins
  3 kobolds
  A quokka zombie (D:5)
  8 rats
111 creatures vanquished.

Vanquished Creatures (collateral kills)
  A worker ant (D:4)
  An orc (D:4)
2 creatures vanquished.

Vanquished Creatures (others)
  A worker ant (D:4)
  A frilled lizard (D:4)
2 creatures vanquished.

Grand Total: 115 creatures vanquished

Notes
Turn   | Place    | Note
-------+----------+-------------------------------------------
     0 | D:1      | H0rd4k the Human Artificer began the quest for the Orb.
     0 | D:1      | Reached XP level 1. HP: 15/15 MP: 3/3
    37 | D:1      | Reached XP level 2. HP: 21/21 MP: 4/4
   225 | D:1      | Reached XP level 3. HP: 25/26 MP: 5/5
   376 | D:1      | Reached skill level 4 in Evocations
   692 | D:2      | Reached XP level 4. HP: 23/32 MP: 7/7
  1118 | D:2      | Found a hide-covered altar of Uskayaw.
  1224 | D:2      | Reached skill level 1 in Armour
  1286 | D:2      | Found a shimmering altar of Xom.
  1727 | D:2      | Reached XP level 5. HP: 37/37 MP: 8/8
  2182 | D:4      | Noticed Blork the orc
  2429 | D:4      | Found a glowing silver altar of Zin.
  2430 | D:4      | Found an opulent altar of Gozag.
  2681 | D:4      | Reached XP level 6. HP: 43/43 MP: 9/9
  2695 | D:4      | Reached skill level 1 in Throwing
  4791 | D:3      | Reached skill level 1 in Axes
  4791 | D:3      | Reached XP level 7. HP: 38/50 MP: 10/10
  4920 | D:3      | Noticed Sigmund
  4932 | D:3      | Killed Sigmund
  5467 | D:5      | Entered Level 5 of the Dungeon
  5837 | D:6      | Reached XP level 8. HP: 28/57 MP: 11/11
  6036 | D:5      | HP: 1/57 [something (3)]
  6055 | D:5      | Shot with an arrow by a centaur

Levels and vault maps discovered:
D:1:      dpeg_arrival_refuge, layout_basic, patterned_corridor
D:2:      layout_loops_cross, eat_drink_and_be_merry_uskayaw, tgw_xom,
          first_ration, kennysheep_path_1, minmay_liquid_box
D:3:      layout_basic, kennysheep_boxes, uniq_sigmund
D:4:      minmay_chambers_of_threes, layout_basic,
          grunt_temple_overflow_gold_and_silver, uniq_blork_the_orc
D:5:      layout_cave_pools, minmay_temple_entry_antechambers, serial_shops,
          kennysheep_mini_moat, minmay_diced_spiral
D:6:      layout_loops_ring, grunt_temple_overflow_forces_of_nature,
          kennysheep_generic_room_10, uniq_crazy_yiuf_cottage

Skill      XL: |  1  2  3  4  5  6  7 |
---------------+----------------------+-----
Evocations     | 4 |  4.1
Short Blades   | 2 3 |  3.2
Armour         | 1 2 3 |  3.2
Throwing       | 1 |  1.4
Fighting       | 2 |  2.8
Axes           | 1 3 |  3.4
Dodging        | 3 |  3.5
Stealth        | 2 |  2.2
Long Blades    | |  0.3

Action                   |  1- 3 |  4- 6 |  7- 9 || total
-------------------------+-------+-------+-------++-------
Melee: Short sword       |    80 |   136 |       ||   216
       Long sword        |       |    57 |       ||    57
       War axe           |       |    52 |   146 ||   198
Throw: Dart              |       |    17 |       ||    17
Evoke: Wand              |     2 |    10 |       ||    12
  Use: Potion            |       |     1 |     2 ||     3
 Stab: Sleeping          |       |     1 |       ||     1
       Paralysed         |       |     5 |       ||     5
       Distracted        |       |     2 |       ||     2
  Eat: Chunk             |       |    12 |     5 ||    17
Armor: Leather armour    |    17 |    74 |    71 ||   162
Dodge: Dodged            |    54 |   171 |   124 ||   349
       Rpst.: Long sword |       |    17 |       ||    17
